 Dungeon Crawl Stone Soup version 0.30.0-15-g856e2d3f33 (webtiles) character file.

Game seed: 6829015698452167751

102 qw the Chopper (level 4, 0/28 HPs)
             Began as a Gargoyle Cinder Acolyte on May 18, 2023.
             Was a High Priest of Ignis.
             Slain by a cerulean imp
             ... wielding a +0 spear
             ... summoned by Natasha
              (3 damage)
             ... on level 2 of the Dungeon.
             The game lasted 00:00:48 (1632 turns).

qw the Chopper (Gargoyle Cinder Acolyte)            Turns: 1632, Time: 00:00:48

Health: 0/28       AC:  5    Str: 19    XL:     4   Next: 78%
Magic:  5/5        EV: 11    Int: 15    God:    Ignis [*****.]
Gold:   67         SH:  0    Dex:  5    Spells: 5/5 levels left

rFire   + . .        Y - +0 hand axe (flame)
rCold   . . .        (no shield)
rNeg    + . .        b - +0 robe
rPois   inf          (no helmet)
rElec   +            (no cloak)
rCorr   .            (no gloves)
SInv    .            (no boots)
Will    .....        (no amulet)
Stlth   +            (no ring)
HPRegen 0.24/turn    (no ring)
MPRegen 0.09/turn

%: no passive effects
@: confused
A: sickness immunity, AC +3, negative energy resistance 1, electricity
resistance, torment resistance 1, petrification resistance
a: Renounce Religion, Fiery Armour, Foxfire Swarm, Rising Flame


You were on level 2 of the Dungeon.
You worshipped Ignis.
Ignis was extremely pleased with you.
You visited 1 branch of the dungeon, and saw 2 of its levels.

You collected 67 gold pieces.


Innate Abilities, Weirdness & Mutations

You are immune to sickness and miasma.
Your stone body is resilient. (AC +3)
You are immune to poison.
You resist negative energy. (rN+)
You are resistant to electric shocks. (rElec)
You are resistant to unholy torment.
You are immune to petrification.


   Skills:
 - Level 3.2 Fighting
 + Level 4.9 Axes
 - Level 1.0 Spellcasting
 - Level 3.0 Fire Magic


You had 5 spell levels left.
You didn't know any spells.
Your spell library contained the following spells:

 Spells                   Type           Power      Damage    Failure   Level
 Scorch                   Fire           18%        2d5       11%         2

Inventory:

Hand Weapons
 Y - a +0 hand axe of flaming (weapon)
Armour
 a - a +0 helmet
 b - a +0 robe (worn)
 d - a +0 pair of gloves
Scrolls
 c - a scroll of identify {unknown}
Potions
 i - a potion of brilliance {unknown}

Dungeon Overview and Level Annotations

Branches:
Dungeon (2/15)

Altars:

Annotations:
D:2 Natasha


Message History

The slug dart hits you but does no damage.
1440 ||| Stepping ~*~*~tactically~*~*~ (hiding).
You start waiting.
A dart slug is nearby!
You barely miss the dart slug. The dart slug launches a dart at you.
The slug dart misses you.
You hit the dart slug. You burn the dart slug.
The dart slug is heavily wounded.
You hit the dart slug. You burn the dart slug.
You kill the dart slug!
You start waiting.
Done waiting.
Found a mace.
d - a +0 pair of gloves A kobold comes into view.
It is wielding a +0 dagger.
The kobold shouts!
You closely miss the kobold. The kobold hits you but does no damage.
You barely miss the kobold. The kobold hits you but does no damage.
You slash the kobold! You burn the kobold.
You kill the kobold!
Things that are here:
a +0 dagger; 3 stones; a kobold corpse A bat comes into view.
The bat closely misses you.
You barely miss the bat. The bat completely misses you. The bat hits you.
You slash the bat! You burn the bat.
You kill the bat!
You see here a bat corpse.
Natasha, Servant of Life and Death comes into view.
She is carrying a wand of light (11).
Natasha casts a spell.
Natasha zaps a wand.
The bolt of light hits you!
You barely miss Natasha.
Natasha zaps a wand.
The bolt of light hits you!
You are confused.
The cerulean imp hits you from afar with a +0 spear.
You die...

###........# #........#
#........# ###
####'###########..
...............#.#
####.#########.#.# #>#
#.#5# #)# #.#h# #.#
#.#@# ####.# #.#.#
..##.# #)#.#
#.##.#########.#.#
..........#....#.#
#.#.......#.####.#
#.#.......#.####.#
#.#.......#....#.#
#.#.........##.#%#######


You could see Natasha and a cerulean imp (summoned).

Vanquished Creatures
  Natasha (D:2)
  Robin (D:2)
  An adder (D:2)
  2 dart slugs
  3 ball pythons
  2 endoplasms
  2 giant cockroaches (D:1)
  16 goblins
  3 hobgoblins (D:2)
  4 jackals (D:2)
  A quokka (D:1)
  6 bats
  2 frilled lizards (D:1)
  3 kobolds (D:2)
  3 rats
50 creatures vanquished.

Notes
Turn   | Place    | Note
-------+----------+-------------------------------------------
     0 | D:1      | qw the Gargoyle Cinder Acolyte began the quest for the Orb.
     0 | D:1      | Reached XP level 1. HP: 14/14 MP: 2/2
     0 | D:1      | 0 ||| qw: Version: 0.2-a-95-gc95f03d
     0 | D:1      | 0 ||| qw: Game counter: 43
     0 | D:1      | 0 ||| qw: Always use a shield: true
     0 | D:1      | 0 ||| qw: God list: Okawaru
     0 | D:1      | 0 ||| qw: Allow faded altars: false
     0 | D:1      | 0 ||| qw: Do Orc after D:15 true
     0 | D:1      | 0 ||| qw: Do second Lair branch before Depths: true
     0 | D:1      | 0 ||| qw: Lair rune preference: random
     0 | D:1      | 0 ||| qw: Plans: Normal
     0 | D:1      | 0 ||| PLANNING D:1-11
    40 | D:1      | Reached skill level 3 in Axes
    73 | D:1      | Reached XP level 2. HP: 19/19 MP: 3/3
   799 | D:1      | 799 ||| READING scroll labelled CUIJAU BUUG.
   809 | D:1      | 809 ||| READING scroll labelled OTIHOD GEVO WIRU.
   810 | D:1      | 810 ||| READING scroll labelled XOORIN AGUEM.
   811 | D:1      | 811 ||| READING 2 scrolls labelled REPATAFR DANWA.
   812 | D:1      | 812 ||| READING scroll labelled PEMMIA WUFONAT.
   813 | D:1      | 813 ||| READING scroll labelled ILOVIE SED ARO.
   818 | D:1      | 818 ||| DRINKING 2 brown potions.
   819 | D:1      | 819 ||| DROPPING potion of flight.
   820 | D:1      | 820 ||| DROPPING scroll of immolation.
   854 | D:2      | Reached XP level 3. HP: 17/23 MP: 4/4
   880 | D:2      | 880 ||| Stepping ~*~*~tactically~*~*~ (stealth).
   892 | D:2      | 892 ||| Stepping ~*~*~tactically~*~*~ (hiding).
   899 | D:2      | 899 ||| INVOKING Fiery Armour.
   901 | D:2      | Reached skill level 4 in Axes
   904 | D:2      | Noticed Robin
   906 | D:2      | 906 ||| Stepping ~*~*~tactically~*~*~ (hiding).
   911 | D:2      | 911 ||| Stepping ~*~*~tactically~*~*~ (hiding).
   923 | D:2      | Killed Robin
   924 | D:2      | Reached XP level 4. HP: 20/28 MP: 5/5
   932 | D:2      | 932 ||| Stepping ~*~*~tactically~*~*~ (stealth).
   981 | D:2      | Identified the +11 battleaxe of the Ancient Stars {heavy,
                  | Contam rF++ Dex+3}
  1118 | D:2      | Noticed Natasha
  1127 | D:2      | Killed Natasha
  1440 | D:2      | 1440 ||| Stepping ~*~*~tactically~*~*~ (hiding).
  1628 | D:2      | Noticed Natasha
  1632 | D:2      | HP: 3/28 [Natasha/bolt of light (12)]
  1632 | D:2      | Slain by a cerulean imp

Levels and vault maps discovered:
D:1:      dpeg_arrival_shelter, layout_basic
D:2:      layout_basic, uniq_natasha, uniq_robin

Skill      XL: |  1  2  3 |
---------------+----------+-----
Axes           | 3 4 |  4.9
Fighting       | |  3.2
Spellcasting   | |  1.0
Fire Magic     | |  3.0

Action                     |  1- 3 |  4- 6 || total
---------------------------+-------+-------++-------
  Melee: Hand axe          |    87 |    43 ||   130
         Punch             |     1 |       ||     1
 Invoke: Fiery Armour      |     1 |       ||     1
    Use: Scroll            |     6 |       ||     6
         Potion            |     1 |       ||     1
 Armour: Robe              |    33 |    17 ||    50
  Dodge: Dodged            |    51 |    18 ||    69

Table legend:
 A = Non-vault XP
 B = Vault XP
 C = Vault XP percentage of total XP
 D = Non-vault monster count
 E = Vault monster count
 F = Vault count percentage of total count
                 A         B        C        D         E       F
            +---------+---------+-------+---------+---------+-------
      Total |      74 |      73 |  49.7 |      36 |      14 |  28.0
            +---------+---------+-------+---------+---------+-------
        D:1 |      26 |       0 |   0.0 |      16 |       0 |   0.0
        D:2 |      48 |      73 |  60.3 |      20 |      14 |  41.2
            +---------+---------+-------+---------+---------+-------
